Map: Jagannatha LE

Players

Serral - Winner!

  • Race: Zerg Zerg
  • Spawn Location: 7:00

maru

  • Race: Terran Terran
  • Spawn Location: 1:00

VOD

Have the link to the VOD?

Description

Time

  • Played on: Oct. 3, 2020, 7:01 a.m.
  • Length: 23:18
Show
View Real Time Build Order
Export as new Build Order

Serral Zerg - Winner!

Build Orders: Hatch First, Muta Ling Bane 

Get SALT Encoding   

  12  0:00  Drone  
  13  0:12  Overlord  
  13  0:17  Drone  
  14  0:30  Drone  
  14  0:31  Drone  
  16  0:48  Hatchery  
  15  0:51  Drone  
  15  0:55  Drone  
  17  0:58  Drone  
  18  1:08  Extractor  
  17  1:13  Spawning Pool  
  17  1:17  Drone  
  17  1:20  Drone  
  18  1:28  Drone  
  19  1:38  Drone  
  20  1:49  Drone  
  21  2:00  Queen x2  
  21  2:01  Zergling x4  
  27  2:12  Overlord  
  27  2:14  Drone  
  28  2:24  Hatchery  
  27  2:32  Drone x2  
  27  2:33  Drone  
  27  2:36  Drone  
  30  2:42  Queen  
  32  2:48  Overlord  
  32  2:52  Metabolic Boost  
  32  2:55  Drone  
  32  2:57  Drone  
  34  2:59  Drone  
  35  3:10  Drone x5  
  40  3:15  Overlord  
  40  3:20  Queen  
  40  3:23  Drone  
  43  3:29  Overlord  
  43  3:33  Overlord  
  43  3:39  Queen  
  43  3:40  Drone x3  
  48  3:45  Drone x2  
  48  3:46  Zergling x2  
  48  3:48  Zergling x2  
  52  3:49  Drone  
  52  3:50  Drone  
  52  3:54  Lair  
  54  3:57  Drone, Extractor  
  54  4:01  Queen  
  56  4:03  Drone  
  56  4:06  Zergling x2  
  56  4:07  Drone  
  56  4:08  Drone  
  60  4:10  Overlord  
  60  4:14  Drone x2  
  60  4:15  Drone  
  63  4:20  Zergling x4  
  65  4:25  Extractor  
  65  4:26  Drone x2, Baneling Nest  
  65  4:27  Overlord  
  65  4:31  Spore Crawler  
  65  4:33  Drone, Spore Crawler  
  65  4:34  Drone  
  65  4:35  Drone  
  65  4:38  Zergling x2  
  67  4:39  Drone  
  67  4:41  Drone x2  
  70  4:46  Drone x3  
  70  4:51  Extractor  
  72  4:54  Zergling x2  
  72  4:57  Spire  
  72  4:58  Drone x3  
  75  5:03  Overlord  
  75  5:05  Zergling x2  
  75  5:06  Drone  
  75  5:07  Drone x2  
  79  5:11  Overlord, Extractor x2  
  79  5:13  Drone  
  78  5:15  Centrifical Hooks  
  78  5:17  Drone  
  78  5:18  Drone  
  78  5:19  Drone  
  81  5:23  Drone x3  
  81  5:28  Drone x3  
  87  5:33  Drone x3  
  87  5:35  Overlord x2  
  90  5:45  Hatchery  
  88  5:50  Spore Crawler  
  88  5:52  Drone x3  
  88  5:54  Overseer  
  88  5:55  Drone  
  89  5:58  Drone  
  89  5:59  Drone x2  
  89  6:09  Drone x2  
  88  6:15  Mutalisk x5  
  98  6:18  Drone  
  98  6:20  Mutalisk x2  
  98  6:22  Mutalisk  
  105  6:29  Zerg Flyer Weapons Level 1  
  105  6:30  Evolution Chamber x2, Zergling x2  
  103  6:34  Baneling x6  
  103  6:35  Baneling  
  103  6:36  Baneling  
  103  6:37  Zergling x6  
  106  6:42  Pneumatized Carapace  
  106  6:45  Zergling x10  
  111  6:47  Overlord  
  111  6:50  Overlord  
  111  6:52  Baneling  
  111  6:53  Baneling x5  
  111  6:54  Zergling x2  
  111  6:58  Zergling x8  
  115  7:15  Zergling x18  
  107  7:20  Mutalisk x4  
  118  7:25  Zerg Melee Weapons Level 1  
  118  7:26  Drone x6  
  124  7:31  Zerg Ground Armor Level 1  
  124  7:34  Drone x5  
  129  7:38  Queen  
  131  7:46  Mutalisk x2  
  131  7:47  Overlord  
  131  7:49  Drone  
  131  7:51  Overlord x3  
  136  7:54  Extractor, Baneling x5  
  136  7:57  Drone  
  136  8:02  Overlord  
  136  8:07  Drone x5, Mutalisk  
  136  8:09  Overlord  
  143  8:12  Mutalisk  
  143  8:13  Mutalisk  
  143  8:14  Zergling x8  
  151  8:26  Mutalisk x2  
  155  8:29  Hatchery  
  155  8:32  Zerg Flyer Weapons Level 2  
  155  8:33  Overlord x2  
  154  8:35  Zergling x8  
  154  8:37  Zergling x2  
  154  8:38  Zergling x4  
  161  8:42  Zergling x10  
  166  8:49  Infestation Pit, Baneling x8  
  166  8:52  Overseer  
  166  8:55  Zergling x14  
  171  9:07  Mutalisk x3  
  177  9:10  Zergling x12  
  177  9:11  Overseer  
  183  9:20  Zerg Melee Weapons Level 2  
  183  9:23  Drone x9  
  192  9:25  Zergling x4  
  192  9:29  Zerg Ground Armor Level 2  
  194  9:33  Spine Crawler  
  194  9:34  Drone  
  194  9:38  Hive  
  194  9:39  Drone, Spore Crawler  
  194  9:41  Baneling x3  
  194  9:43  Zergling x4  
  194  9:44  Zergling x6  
  199  10:00  Baneling x14  
  199  10:03  Baneling x3  
  199  10:08  Baneling  
  199  10:12  Spine Crawler  
  199  10:13  Drone  
  195  10:22  Mutalisk x2  
  199  10:32  Hatchery, Extractor  
  199  10:34  Extractor  
  196  10:37  Drone x3  
  199  10:46  Baneling x5  
  199  10:47  Baneling  
  198  10:54  Zergling x6  
  197  11:05  Ultralisk Cavern  
  197  11:07  Zergling x12  
  199  11:15  Zerg Flyer Armor Level 1  
  199  11:16  Baneling x3  
  199  11:32  Drone  
  200  11:38  Zerg Melee Weapons Level 3  
  194  11:46  Zergling x34  
  194  11:47  Zergling x8  
  183  11:56  Chitinous Plating, Zergling x38  
  183  11:58  Zerg Ground Armor Level 3  
  199  12:04  Baneling  
  199  12:05  Baneling x39  
  199  12:23  Burrow  
  191  12:39  Spine Crawler  
  191  12:43  Zergling x2  
  191  12:44  Zergling x20  
  177  12:59  Zergling x18  
  177  13:00  Zergling x12  
  190  13:05  Zergling x2  
  190  13:06  Zergling x10  
  190  13:10  Spore Crawler  
  190  13:11  Baneling x2  
  190  13:12  Baneling x6  
  195  13:13  Zerg Flyer Armor Level 2  
  195  13:15  Adrenal Glands, Pathogen Glands, Anabolic Synthesis  
  195  13:17  Drone x2  
  197  13:25  Overseer, Baneling x7  
  197  13:26  Baneling  
  197  13:27  Zergling x4  
  197  13:33  Hatchery  
  197  13:34  Baneling  
  197  13:35  Baneling x18  
  197  13:47  Hatchery  
  192  13:51  Ultralisk, Zergling x4  
  200  13:56  Baneling  
  200  13:57  Baneling x6  
  177  14:18  Zergling x26  
  177  14:19  Zergling x20  
  177  14:23  Overseer, Baneling x2  
  199  14:27  Baneling x8  
  199  14:28  Baneling x4  
  199  14:32  Overseer  
  185  14:48  Ultralisk x3, Zergling x18  
  187  14:54  Zergling x26  
  187  14:55  Zergling x10  
  181  15:03  Ultralisk x2, Zergling x10  
  181  15:04  Zergling x16  
  199  15:08  Drone, Baneling x2  
  199  15:09  Baneling x14  
  199  15:10  Baneling x2  
  200  15:19  Extractor  
  200  15:21  Overseer, Baneling x11  
  199  15:22  Drone  
  199  15:26  Spine Crawler  
  199  15:28  Spore Crawler  
  198  15:29  Zerg Flyer Weapons Level 3  
  198  15:31  Drone  
  198  15:35  Drone  
  200  16:03  Baneling  
  200  16:04  Baneling x7  
  199  16:09  Baneling x3  
  170  16:22  Ultralisk x2, Zergling x32  
  170  16:23  Zergling x40  
  190  16:29  Zergling x2  
  190  16:30  Zergling x26  
  174  16:35  Corruptor x6  
  186  16:41  Baneling x29  
  186  16:42  Overlord, Baneling x2  
  186  16:43  Overlord  
  186  16:44  Baneling x6  
  186  16:45  Overseer  
  186  16:46  Drone x5  
  191  16:47  Extractor  
  191  16:50  Extractor  
  191  16:52  Baneling x14  
  189  17:02  Extractor  
  189  17:05  Zergling x2  
  189  17:06  Zergling x18  
  197  17:16  Hatchery  
  188  17:36  Baneling x8  
  186  17:38  Zergling x28  
  200  17:55  Hatchery  
  188  17:59  Zergling x22  
  188  18:01  Hatchery  
  198  18:10  Drone  
  159  18:21  Ultralisk, Zergling x2  
  159  18:22  Ultralisk, Zergling x38  
  173  18:30  Baneling x19  
  173  18:32  Zerg Flyer Armor Level 3  
  173  18:38  Corruptor x2  
  177  18:41  Zergling x12  
  177  18:42  Zergling x32  
  177  18:48  Baneling x11  
  198  19:04  Zergling x2  
  198  19:07  Baneling  
  198  19:08  Baneling x11  
  199  19:13  Hatchery  
  195  19:44  Zergling x6  
  195  19:45  Zergling x8  
  200  19:52  Baneling x15  
  193  19:58  Zergling x32  
  187  20:09  Zergling x2  
  187  20:10  Ultralisk x2, Zergling x2  
  187  20:12  Zergling x2  
  199  20:20  Baneling x2  
  198  20:28  Baneling x5  
  176  20:38  Ultralisk x2, Zergling x12  
  176  20:39  Zergling x12  
  170  20:43  Zergling x36  
  170  20:48  Hatchery, Overlord  
  170  20:49  Overlord x5  
  173  20:53  Overseer x2  
  171  20:57  Baneling x2  
  171  21:01  Zergling x2  
  156  21:20  Zergling x34  
  156  21:21  Zergling x24  
  156  21:25  Overseer  
  153  21:28  Hatchery  
  153  21:30  Ultralisk x2, Zergling x2  
  153  21:31  Zergling x2  
  161  21:39  Zergling x12  
  166  21:51  Baneling x4  
  166  21:52  Zergling x10  
  166  21:53  Zergling x6  
  170  21:57  Baneling x4  
  170  21:58  Baneling x2  
  170  22:03  Overseer  
  170  22:09  Overseer, Baneling x8  
  170  22:14  Ultralisk, Zergling x4  
  178  22:21  Zergling x8  
  182  22:26  Overlord x2  
  182  22:31  Overlord  
  181  22:41  Baneling x4  
  179  22:47  Zergling x32  
  176  22:58  Baneling x7  
  168  22:59  Zergling x20  
Show
View Real Time Build Order
Export as new Build Order

maru Terran 

Build Orders: Reaper Expand 

Get SALT Encoding   

  12  0:00  SCV  
  13  0:12  SCV  
  14  0:17  Supply Depot  
  14  0:24  SCV  
  15  0:39  SCV  
  15  0:40  Barracks  
  16  0:43  Refinery  
  16  0:51  SCV  
  17  1:03  SCV  
  18  1:15  SCV  
  19  1:27  Orbital Command  
  19  1:28  Reaper  
  20  1:38  Command Center  
  20  1:50  Supply Depot  
  20  1:53  SCV  
  21  1:59  Marine  
  22  2:05  SCV  
  22  2:07  Factory  
  23  2:17  SCV  
  23  2:22  Barracks Reactor  
  24  2:29  SCV  
  25  2:41  SCV  
  25  2:42  Command Center  
  26  2:50  Orbital Command  
  26  2:53  SCV  
  27  2:58  Starport  
  27  3:05  Refinery, SCV  
  28  3:10  Hellion  
  30  3:14  Barracks Tech Lab, Hellion  
  30  3:17  SCV  
  30  3:19  SCV  
  34  3:29  SCV  
  34  3:31  SCV  
  34  3:32  Hellion  
  38  3:42  SCV  
  38  3:43  Supply Depot, Banshee  
  38  3:47  Marine  
  43  3:49  SCV  
  43  3:54  SCV  
  49  3:56  Orbital Command  
  49  4:01  Cloaking Field  
  49  4:03  SCV  
  49  4:06  Barracks Tech Lab, SCV  
  51  4:14  Supply Depot  
  51  4:15  SCV  
  48  4:18  SCV  
  48  4:19  Barracks x2, Factory Reactor  
  48  4:23  SCV  
  50  4:26  Banshee  
  50  4:27  SCV  
  50  4:31  SCV  
  55  4:32  Refinery  
  55  4:35  SCV  
  56  4:39  Engineering Bay  
  56  4:41  Engineering Bay  
  56  4:42  SCV  
  56  4:44  SCV  
  58  4:47  Refinery  
  58  4:48  SCV  
  58  4:49  Supply Depot  
  58  4:50  Marine  
  58  4:52  Stimpack  
  60  4:56  SCV  
  60  4:59  SCV  
  62  5:02  Orbital Command  
  62  5:07  Factory Reactor  
  62  5:08  SCV  
  62  5:11  Marine x2, SCV  
  62  5:12  Marine x3  
  69  5:16  Supply Depot  
  69  5:19  Supply Depot  
  69  5:20  SCV  
  70  5:23  SCV  
  70  5:28  SCV  
  72  5:29  Starport Reactor  
  72  5:31  Marine  
  72  5:32  Marine x4, SCV  
  72  5:33  Supply Depot  
  78  5:35  SCV  
  78  5:40  SCV  
  80  5:44  SCV  
  80  5:45  Widow Mine x2, Armory  
  80  5:48  SCV  
  86  5:52  Marine x5, SCV  
  86  5:56  SCV  
  93  6:00  SCV  
  94  6:04  SCV  
  94  6:05  Supply Depot x2  
  94  6:06  Medivac x2  
  94  6:10  SCV  
  100  6:13  Marine  
  100  6:14  Barracks, Marine x4  
  100  6:15  Barracks, Widow Mine  
  104  6:19  SCV x2  
  104  6:22  SCV  
  104  6:23  Supply Depot  
  107  6:31  Marine x3, SCV x2  
  112  6:34  Factory, SCV  
  112  6:38  Widow Mine x2  
  117  6:41  Terran Infantry Armor Level 1, Terran Infantry Weapons Level 1  
  117  6:43  SCV  
  117  6:44  SCV  
  117  6:46  Supply Depot, SCV  
  120  6:47  Supply Depot  
  120  6:50  Marine x5  
  120  6:51  Refinery, Medivac  
  127  6:55  Medivac  
  127  6:57  SCV  
  130  7:06  Barracks Reactor  
  130  7:08  Barracks Reactor  
  130  7:10  Widow Mine x2  
  130  7:12  Marine x3  
  115  7:16  Marine  
  115  7:20  Widow Mine, Drilling Claws  
  115  7:21  Medivac  
  115  7:23  Missile Turret  
  115  7:25  Medivac  
  113  7:31  Widow Mine  
  113  7:33  Marine, Missile Turret  
  113  7:34  Marine x4, Missile Turret, Command Center  
  113  7:35  Widow Mine  
  120  7:41  Widow Mine  
  122  7:45  Missile Turret  
  122  7:49  Marine  
  122  7:50  Marine x3  
  124  7:51  Marine x2, Medivac  
  124  7:52  Widow Mine  
  124  7:55  Medivac  
  132  8:01  Missile Turret  
  132  8:04  Refinery  
  132  8:05  Thor  
  132  8:09  Marine, Missile Turret  
  132  8:10  Marine x5, Missile Turret, Marauder  
  146  8:22  Medivac  
  148  8:27  Combat Shield, Barracks  
  148  8:28  Barracks  
  148  8:29  Barracks  
  148  8:30  Supply Depot  
  148  8:31  Supply Depot  
  148  8:38  Medivac  
  148  8:41  Terran Infantry Weapons Level 2  
  148  8:45  Supply Depot  
  148  8:46  Supply Depot  
  148  8:48  Supply Depot  
  148  8:51  Thor, Widow Mine  
  148  8:52  Widow Mine  
  158  8:59  Marine x2, Marauder  
  158  9:02  SCV x2  
  161  9:04  SCV  
  161  9:05  Sensor Tower  
  162  9:14  Terran Infantry Armor Level 2  
  162  9:15  Supply Depot, Terran Vehicle And Ship Armor Level 1  
  162  9:18  SCV x3  
  162  9:20  Barracks Tech Lab x2  
  165  9:26  Planetary Fortress, Missile Turret  
  165  9:35  Missile Turret  
  165  9:37  Marauder  
  165  9:38  Barracks Tech Lab  
  167  9:40  Widow Mine x3  
  173  9:48  Command Center  
  173  9:56  Sensor Tower, Marauder x3  
  173  9:59  Marauder  
  181  10:09  Medivac  
  181  10:10  Medivac  
  183  10:15  Refinery, Missile Turret, SCV x3  
  183  10:16  Refinery, SCV  
  183  10:17  Marauder x2, Command Center  
  183  10:18  Marauder  
  183  10:20  Marauder  
  193  10:25  Factory Reactor  
  193  10:27  SCV  
  194  10:31  Barracks x2  
  194  10:35  Barracks  
  194  10:39  Marauder x3  
  200  10:47  Command Center  
  200  10:54  Concussive Shells  
  192  11:13  Missile Turret x2  
  192  11:15  Ghost Academy, Widow Mine x3, Missile Turret x2  
  198  11:24  Barracks Tech Lab x2, Barracks Reactor  
  197  11:34  Terran Infantry Armor Level 3, Terran Infantry Weapons Level 3  
  197  11:36  Widow Mine  
  181  11:50  SCV x2  
  175  11:54  SCV  
  175  12:01  Planetary Fortress, Thor, Widow Mine x2  
  183  12:02  SCV x2  
  183  12:03  Orbital Command  
  183  12:06  SCV  
  186  12:09  Ghost x2  
  186  12:10  Planetary Fortress  
  186  12:14  SCV x2  
  192  12:18  SCV  
  192  12:19  Ghost x3  
  197  12:37  Ghost x2  
  193  12:38  Ghost  
  197  12:56  Ghost x2  
  197  12:57  Marine x3  
  197  12:58  Marauder  
  195  13:00  Orbital Command  
  195  13:05  Widow Mine x3  
  193  13:06  Marauder  
  193  13:07  Marauder x2  
  193  13:08  Marine  
  193  13:09  Personal Cloaking  
  200  13:14  Command Center  
  200  13:21  Missile Turret  
  200  13:22  Missile Turret  
  200  13:23  Missile Turret  
  200  13:32  Command Center  
  200  13:33  Command Center  
  200  13:34  Terran Vehicle And Ship Armor Level 2  
  196  13:55  SCV x2  
  198  13:57  Sensor Tower  
  198  14:05  Sensor Tower  
  198  14:07  Missile Turret  
  180  14:21  Sensor Tower, Supply Depot x2  
  180  14:25  Marine x2  
  180  14:26  Marauder x2  
  186  14:40  Orbital Command  
  178  14:50  Widow Mine x2, Marauder x2  
  178  14:52  Marine x3, Marauder x2  
  171  14:53  Marauder  
  171  14:57  Medivac x2  
  150  15:00  Marine x2  
  150  15:01  Marauder  
  150  15:02  Marine  
  150  15:04  Widow Mine  
  150  15:05  SCV x2  
  150  15:06  SCV x2  
  159  15:11  Widow Mine, Marauder x2  
  159  15:12  Widow Mine  
  159  15:14  Marauder  
  169  15:17  SCV  
  170  15:26  Widow Mine  
  170  15:27  Marauder x2  
  176  15:29  Sensor Tower  
  176  15:30  Marine, Marauder  
  176  15:32  Marauder  
  176  15:33  Orbital Command x2, Widow Mine x2  
  183  15:42  Marine  
  183  15:43  Marine, Marauder x2  
  183  15:47  Widow Mine  
  191  15:54  Widow Mine x2  
  195  16:02  Missile Turret  
  187  16:23  Marine  
  187  16:24  Marine x3, Marauder x4  
  187  16:25  Marauder  
  165  16:30  Marine x2, Marauder  
  140  16:34  Marine x2  
  140  16:35  Widow Mine x3, Marine  
  148  16:41  Marine  
  148  16:45  Marauder  
  148  16:46  Marine x3, Marauder x4  
  162  16:48  Marine x2  
  162  16:52  Marauder  
  166  16:56  Widow Mine  
  166  16:59  Marine  
  166  17:00  Marine x2  
  171  17:07  Marauder x5  
  181  17:11  Marine x3  
  181  17:13  Marauder  
  186  17:16  Orbital Command  
  186  17:17  Widow Mine x2, Marine  
  186  17:18  Orbital Command, Widow Mine  
  189  17:28  Marauder x3  
  189  17:29  Marauder  
  186  17:31  Marine  
  186  17:32  Marauder  
  186  17:39  Widow Mine x3  
  192  17:49  Ghost x4  
  192  17:50  Sensor Tower  
  200  18:03  Barracks Tech Lab  
  200  18:05  Command Center  
  200  18:19  Marine  
  165  18:20  Marauder  
  151  18:27  Marauder x2  
  151  18:28  Widow Mine x2  
  151  18:33  Marine x2, Medivac x2  
  167  18:34  Marauder x2  
  167  18:35  Marine, Marauder  
  167  18:40  Widow Mine  
  172  18:49  Widow Mine  
  174  18:58  Orbital Command  
  174  19:00  Marauder x2  
  176  19:10  Marine x2  
  176  19:11  Marauder x2  
  179  19:27  Orbital Command  
  179  19:29  Marine x2, Marauder x2  
  179  19:30  Marauder  
  182  19:48  Marine  
  182  19:49  Marauder  
  169  20:02  Marine x3, Marauder x2  
  169  20:03  Marauder x3  
  169  20:04  Widow Mine x2  
  182  20:12  SCV x5  
  182  20:14  Orbital Command  
  187  20:18  Marine  
  187  20:19  Marauder x2  
  190  20:24  SCV x2  
  190  20:26  Ghost x3  
  185  20:40  Marine x3, Marauder  
  185  20:41  Marauder x2  
  185  20:42  Marine x2, Marauder  
  136  20:46  Medivac  
  126  20:55  Marauder  
  128  21:03  Marine x2  
  128  21:04  Marauder x2  
  134  21:09  Marine x2  
  134  21:10  Marauder x2  
  96  21:25  Medivac x2  
  96  21:26  Marine x2  
  96  21:27  Marine x2, Marauder x3  
  109  21:41  SCV x2  
  109  21:47  Orbital Command  
  110  21:51  Orbital Command  
  108  21:55  Medivac x2  
  112  22:07  Widow Mine  
  112  22:08  Widow Mine x2  
  118  22:19  Orbital Command x2  
  116  22:29  Widow Mine x2  
  120  22:30  Widow Mine  
  120  22:40  Marine, Marauder x3  
  124  22:50  Widow Mine x2  
  110  22:53  Marine x2, Marauder  
  110  22:54  Marauder  
Tags
 
Add a new tag
Caveats
  • Supply blocks, unpowered buildings, or Contaminate may cause inaccurate times.
  • Supply counts are checked every 10 seconds.